 Dungeon Crawl Stone Soup version 0.28-a0-1412-gf95308ed99 (webtiles) character file.

Game seed: 7014511504158473615

6 parzival7114810 the Slasher (level 1, 0/18 HPs)
             Began as a Minotaur Gladiator on Jan 6, 2022.
             Slain by a bat (1 damage)
             ... on level 1 of the Dungeon.
             The game lasted 00:01:31 (550 turns).

parzival7114810 the Slasher (Minotaur Gladiator)     Turns: 550, Time: 00:01:32

Health: 0/18       AC:  3    Str: 18    XL:     1   Next: 75%
Magic:  0/0        EV: 12    Int:  5    God:
Gold:   0          SH:  0    Dex: 11    Spells: 0/0 levels left

rFire   . . .      SeeInvis .   a - +0 long sword
rCold   . . .      Faith    .   (no shield)
rNeg    . . .      Spirit   .   b - +0 leather armour
rPois   .          Reflect  .   c - +0 hat
rElec   .          Harm     .   (no cloak)
rCorr   .          Rampage  .   (no gloves)
Will    .....                   (no boots)
Stlth   +.........              (no amulet)
HPRegen 0.06/turn               (no ring)
MPRegen 0.07/turn               (no ring)

@: no status effects
A: horns 2, retaliatory headbutt
a: no special abilities


You were on level 1 of the Dungeon.
You visited 1 branch of the dungeon, and saw 1 of its levels.

Inventory:

Hand Weapons
 a - a +0 long sword (weapon)
Missiles
 d - 3 throwing nets (quivered)
Armour
 b - a +0 leather armour (worn)
 c - a +0 hat (worn)
Magical Staves
 e - a staff of poison
Scrolls
 f - a scroll of identify {unknown}


   Skills:
 + Level 2.6 Fighting
 + Level 3.8 Long Blades
 + Level 2.0 Throwing
 + Level 3.4 Dodging


You couldn't memorise any spells.
You didn't know any spells.
Your spell library was empty.

Dungeon Overview and Level Annotations

Branches:
Dungeon (1/15)

Altars:


Innate Abilities, Weirdness & Mutations

You have a pair of horns on your head.
You reflexively headbutt those who attack you in melee.


Message History

The goblin misses you. The goblin misses you.
The giant cockroach waves its antennae.
The goblin hits you with a +0 club. The goblin misses you.
You furiously retaliate!
You headbutt the goblin!
You kill the goblin!
You closely miss the goblin.
A bat comes into view.
The goblin closely misses you. The goblin barely misses you.
The giant cockroach barely misses you. The goblin closely misses you.
The giant cockroach bites you but does no damage.
The bat barely misses you. The bat hits you but does no damage.
The giant cockroach bites you but does no damage.
An endoplasm comes into view.
You slash the goblin!
You kill the goblin!
The bat hits you but does no damage.
You hit the giant cockroach.
The giant cockroach is almost dead.
The giant cockroach bites you. The goblin barely misses you.
The giant cockroach barely misses you.
You hit the giant cockroach.
You kill the giant cockroach!
The bat hits you but does no damage. The goblin hits you with a +0 club.
The bat closely misses you. The goblin barely misses you.
Things that are here:
a +0 dagger; 10 gold pieces You miss the bat.
The bat barely misses you. The goblin misses you.
The bat hits you but does no damage. The bat barely misses you.
The goblin hits you with a +0 club. The endoplasm closely misses you.
The bat closely misses you. The endoplasm hits you.
* * * LOW HITPOINT WARNING * * *
The goblin barely misses you. The endoplasm freezes you.
You are frozen.
* * * LOW HITPOINT WARNING * * *
The bat hits you.
You die...

###### ######>...##
#
#.#..#.##).######..
#.##.#.##g.........
#....#.##.J........
##.##.#...@b........
#...................
#..##.###.#...#####.
#.........#.#.#
#...#.#####.#...
##.###.# .#.#.#.#
#......##......#.#
#.#......# #.#$. #
### #.###....# #....
#####..


You could see an endoplasm, a goblin and a bat.

Vanquished Creatures
  2 giant cockroaches (D:1)
  2 goblins (D:1)
  A ball python (D:1)
5 creatures vanquished.

Notes
Turn   | Place    | Note
-------+----------+-------------------------------------------
     0 | D:1      | parzival7114810 the Minotaur Gladiator began the quest for
                  | the Orb.
     0 | D:1      | Reached XP level 1. HP: 18/18 MP: 0/0
   550 | D:1      | Slain by a bat

Illustrated notes

Levels and vault maps discovered:
D:1:      dpeg_arrival_oval, layout_basic

Action                   || total
-------------------------++-------
Melee: Long sword        ||    10
Armor: Leather armour    ||     7
Dodge: Dodged            ||    26

Table legend: (Time is in decaauts)
 A = Elapsed time spent in this place.
 B = Non-inter-level travel time spent in this place.
 C = Inter-level travel time spent in this place.
 D = Time resting spent in this place.
 E = Time spent auto-exploring this place.
 F = Levels seen in this place.
 G = Mean time per level.
                   A        B        C        D        E       F      G
               +--------+--------+--------+--------+--------+-----+--------+
         Total |    552 |    552 |      0 |    325 |     12 |   1 |  552.0 |
       Dungeon |    552 |    552 |      0 |    325 |     12 |   1 |  552.0 |
               +--------+--------+--------+--------+--------+-----+--------+

Top non-repeatable levels by time:
     D:1: 552 daAuts
